 Dungeon Crawl Stone Soup version 0.18-a0-1637-g109f206 (webtiles) character file.

147 Ijustatesigmund the Ruffian (level 5, -1/45 HPs)
             Began as a Draconian Transmuter on Mar 26, 2016.
             Slain by an ogre
             ... wielding a +0 giant club
              (23 damage)
             ... on level 4 of the Dungeon.
             The game lasted 00:19:52 (3469 turns).

Ijustatesigmund the Ruffian (Draconian Transmuter)  Turns: 3469, Time: 00:19:53

Health: -1/45      AC:  5    Str: 13    XL:     5   Next: 8%
Magic:  3/8        EV: 12    Int: 13    God:
Gold:   180        SH:  0    Dex: 12    Spells: 3 memorised, 2 levels left

rFire  . . .     SeeInvis .       - Unarmed
rCold  . . .     Gourm    .     (armour unavailable)
rNeg   . . .     Faith    .     (no shield)
rPois  .         Spirit   .     (helmet restricted)
rElec  .         Dismiss  .     (no cloak)
rCorr  .         Reflect  .     (no gloves)
SustAt .         Harm     .     (no boots)
MR     .....                    j - amulet of rage
Stlth  +.........               (no ring)
                                (no ring)

@: very slightly contaminated, not resistant to hostile enchantments, very
unstealthy
A: unfitting armour, cold-blooded, AC +5
a: Evoke Berserk Rage


You were on level 4 of the Dungeon.
You were not hungry.

You visited 1 branch of the dungeon, and saw 4 of its levels.

You collected 180 gold pieces.

Inventory:

Missiles
 a - 27 arrows
Jewellery
 j - an amulet of rage (around neck)
Scrolls
 f - 3 scrolls of random uselessness
 g - 4 scrolls of remove curse
 h - a scroll of enchant weapon
 k - 3 scrolls of identify
Potions
 d - a potion of haste
 e - a potion of berserk rage
 i - a potion of curing
 l - 3 potions of resistance {unknown}
 n - a potion of might {unknown}
 o - a potion of heal wounds {unknown}
Books
 b - a book of Changes

   Spells                             Type                      Level
   a - Beastly Appendage              Transmutation                1
   b - Sticks to Snakes               Transmutation                2
   c - Spider Form                    Transmutation/Poison         3
   d - Ice Form                       Ice/Transmutation            4
   e - Blade Hands                    Transmutation                5
Comestibles
 c - 5 bread rations
 m - 2 meat rations
 p - a slice of pizza


   Skills:
 + Level 3.0 Fighting
 - Level 1.7 Dodging
 + Level 4.1 Unarmed Combat
 - Level 2.0 Spellcasting
 - Level 3.2 Transmutations
 + Level 1.2 Poison Magic


You had 2 spell levels left.
You knew the following spells:

 Your Spells              Type           Power        Failure   Level  Hunger
a - Beastly Appendage     Trmt           #.....       10%         1    ##.....
b - Sticks to Snakes      Trmt           #.......     12%         2    ###....
c - Spider Form           Trmt/Pois      #.........   34%         3    ####...


Dungeon Overview and Level Annotations

Branches:
Dungeon (4/15)
 Temple: D:4-7

Altars:


Innate Abilities, Weirdness & Mutations

Your plain brown scales are hard (AC +5).
Your body does not fit into most forms of armour.
You are cold-blooded and may be slowed by cold attacks.


Message History

You hit the ogre.
The ogre is lightly wounded.
Your ball python dies!
The ogre closely misses you.
You hit the ogre.
The ogre is moderately wounded.
The ogre hits you with a giant club!
You hit the ogre.
The ogre is moderately wounded.
You barely miss the ogre.
The ogre is moderately wounded.
The ogre barely misses you.
You hit the ogre.
The ogre is heavily wounded.
The ogre misses you.
You hit the ogre.
The ogre is heavily wounded.
The ogre hits you with a giant club!!
Ouch! That really hurt!
You die...

#.......#
.......####
.........
......? ...(.
.S. #O# #@#
#.#
#.##########.
#............
#............
#............
#....<.......
#............
#............


You could see an ogre and an adder.

Vanquished Creatures
  A hound skeleton (D:3)
  5 adders
  3 oozes
  A worm (D:3)
  2 dart slugs (D:1)
  3 giant geckos
  7 orcs (D:3)
  3 giant cockroaches
  8 goblins
  7 hobgoblins
  3 jackals (D:2)
  A quokka (D:2)
  A ball python (D:3)
  6 bats
  5 giant newts
  2 kobolds
  2 rats
60 creatures vanquished.

Notes
Turn   | Place    | Note
--------------------------------------------------------------
     0 | D:1      | Ijustatesigmund the Draconian Transmuter began the quest for the Orb.
     0 | D:1      | Reached XP level 1. HP: 16/16 MP: 3/3
   165 | D:1      | Reached XP level 2. HP: 21/23 MP: 1/5
   983 | D:1      | Learned a level 2 spell: Sticks to Snakes
  1062 | D:2      | Reached XP level 3. HP: 30/30 MP: 4/6
  2196 | D:2      | Reached XP level 4. HP: 33/37 MP: 7/7
  2201 | D:2      | Learned a level 3 spell: Spider Form
  3095 | D:3      | Reached skill level 1 in Poison Magic
  3271 | D:3      | Reached skill level 4 in Unarmed Combat
  3273 | D:3      | Reached XP level 5. HP: 42/45 MP: 8/8
  3459 | D:4      | Noticed an ogre
  3469 | D:4      | Slain by an ogre

Vault maps used:
D:1:      minmay_arrival_jagged, dk_noncrumbling_4
D:2:      roderic_roman_lattice
D:3:      first_bread
D:4:      tso_metal_star, nemelex_deck, kennysheep_small_spiral, uniq_eustachio,
          uniq_grinder

Skill      XL: |  1  2  3  4 |
---------------+-------------+-----
Fighting       | 2 3 |  3.0
Transmutations | 3 |  3.2
Poison Magic   | 1 |  1.2
Unarmed Combat | 4 |  4.1
Dodging        | |  1.7
Spellcasting   | |  2.0

Action                   |  1- 3 |  4- 6 || total
-------------------------+-------+-------++-------
Melee: Unarmed           |   133 |   143 ||   276
 Cast: Beastly Appendage |     3 |     1 ||     4
       Sticks to Snakes  |       |     2 ||     2
  Use: Scroll            |     3 |     4 ||     7
       Potion            |     1 |       ||     1
  Eat: Bread ration      |     1 |     1 ||     2
       Chunk             |       |     2 ||     2
